 Dungeon Crawl Stone Soup version 0.29-a0-823-gc37b1572da (webtiles) character file.

Game seed: 12096445771578900084

806 jimonade the Magician (level 8, -3/54 HPs)
             Began as a Djinni Fire Elementalist on July 8, 2022.
             Slain by a necrophage (4 damage)
             ... on level 5 of the Dungeon.
             The game lasted 00:15:33 (5856 turns).

jimonade the Magician (Djinni Fire Elementalist)    Turns: 5856, Time: 00:15:34

Health: -3/54      AC:  6    Str:  9    XL:     8   Next: 14%
Gold:   241        EV: 12    Int: 18    God:
                   SH:  0    Dex: 13

rFire   + + +      SeeInvis .   a - staff of conjuration
rCold   . . .      Faith    .   (no shield)
rNeg    . . .      Spirit   .   z - +2 robe {rC+ rF+}
rPois   ∞          Reflect  .   m - +1 helmet
rElec   .          Harm     .   (no cloak)
rCorr   +          Rampage  .   (no gloves)
Will    +....                   (boots unavailable)
Stlth   ++........              (no amulet)
HPRegen 0.18/turn               f - ring of willpower
MPRegen 0.00/turn               u - ring of resist corrosion

@: flying
A: sickness immunity, fire resistance 2, cold vulnerability 1, float, innate
caster, HP casting, extra vitality 1
a: no special abilities


You were on level 5 of the Dungeon.
You visited 1 branch of the dungeon, and saw 5 of its levels.

You collected 241 gold pieces.

Inventory:

Hand Weapons
 b - a +2 dagger of venom
 p - a +0 whip
 v - a +0 halberd
 x - a +0 falchion
 A - a +0 spear
 D - a +0 hand axe of electrocution
 F - a +2 whip of holy wrath
 I - a +0 short sword of draining
Missiles
 e - 15 atropa-tipped darts
 h - 39 stones
 C - a boomerang of dispersal
Armour
 i - a +0 ring mail
 m - a +1 helmet (worn)
 o - a +0 leather armour
 r - a scarf of invisibility
 z - a +2 robe of resistance (worn)
 B - a +0 chain mail
 H - a +0 scale mail
Magical Staves
 a - a staff of conjuration (weapon)
 d - a staff of poison
 l - a staff of earth
Jewellery
 f - a ring of willpower (left hand)
 u - a ring of resist corrosion (right hand)
 y - a +4 ring of evasion
Scrolls
 j - 5 scrolls of identify
 n - 3 scrolls of teleportation
Potions
 c - 4 potions of brilliance
 s - a potion of flight {unknown}
 G - 2 potions of curing {unknown}


   Skills:
 * Level 2.0 Fighting
 + Level 2.7 Dodging
 - Level 1.5 Stealth
 * Level 6.6 Spellcasting
 - Level 0.9 Evocations


You had one spell level left.
You knew the following spells:

 Your Spells              Type           Power      Damage    Failure   Level
a - Foxfire               Conj/Fire      100%       2x1d9     1%          1
b - Scorch                Fire           58%        2d7       1%          2
c - Conjure Flame         Conj/Fire      44%        6-21      2%          3
d - Inner Flame           Hex/Fire       29%        N/A       2%          3
e - Flame Wave            Conj/Fire      44%        2d10      8%          4
f - Summon Small Mammal   Summ           100%       N/A       1%          1
g - Searing Ray           Conj           88%        2d7       1%          2
h - Mephitic Cloud        Conj/Pois/Air  44%        N/A       2%          3
Your spell library was empty.

Dungeon Overview and Level Annotations

Branches:
Dungeon (5/15)
 Temple: D:4-7

Altars:

Annotations:
D:5 Ijyb, Pikel


Innate Abilities, Weirdness & Mutations

You are immune to sickness and miasma.
You are immune to poison.
Your flesh is very heat resistant. (rF++)
You are vulnerable to cold. (rC-)
You float through the air rather than walking.
You learn spells naturally, not from books.
Your magical power is your life essence.
You have superior vitality. (+4 MHP)


Message History

The scorpion is lightly wounded.
The searing ray hits the adder!
You kill the adder!
The scorpion stings you.
* * * LOW HITPOINT WARNING * * *
The searing ray misses the scorpion.
* * * LOW HITPOINT WARNING * * *
Your surroundings suddenly seem different.
A lemure, Ijyb, a scorpion and a necrophage come into view.
Ijyb is wielding a +0 dagger and carrying a wand of roots (11).
Found a stone staircase leading up.
The lemure shouts!
Ijyb shouts!
You hear a shout! x4
A lemure comes into view.
Pikel and a lemure come into view.
Pikel is wielding a +1 whip of freezing.
Found 11 gold pieces and a scroll of teleportation.
Pikel shouts!
The lemure shouts!
A lemure comes into view.
Okay, then.
Found 6 stones.
Ijyb zaps a wand.
The roots erupt in riotous growth!
The necrophage is unaffected.
The grasping roots grab you! The grasping roots constrict you.
* * * LOW HITPOINT WARNING * * *
The roots grasp on you weakens, but your attempt to escape fails.
The necrophage closely misses you. The grasping roots constrict you.
* * * LOW HITPOINT WARNING * * *
You escape the roots grasp.
The necrophage attacks as you move away!
The necrophage hits you.
* * * LOW HITPOINT WARNING * * *
The necrophage attacks as you move away!
The necrophage hits you.
* * * LOW HITPOINT WARNING * * *
The necrophage attacks as you move away!
The necrophage hits you.
* * * LOW HITPOINT WARNING * * *
The necrophage attacks as you move away!
The necrophage hits you.
You die...

#†...# .. #.. ######.).## ..#
######..# #.....).##
#.s####......######.
#.###.Z## #..#...............
#..#.......#......#.....#...<
#..# #.....#
#...##........... ...# #...##
#............... .s..#
##.###+###g.5........... #...
......(@n5.5K5.......... ###
.###....####............
#...### #............ ....##
#............ ...
##........... .. ##.....#....
. ###########


You could see Pikel, 4 lemures, a necrophage and Ijyb.

Vanquished Creatures
  Sigmund (D:3)
  An ogre (D:5)
  A phantom (D:2)
  Blork the orc (D:5)
  A scorpion (D:5)
  A hound (D:4)
  Jessica (D:3)
  2 iguanas
  4 adders
  9 gnolls
  A white imp (D:5)
  5 worms
  3 dart slugs
  8 orcs
  11 ball pythons
  6 endoplasms
  2 giant cockroaches
  8 goblins
  7 hobgoblins
  4 quokkas
  6 bats
  A frilled lizard (D:1)
  10 kobolds
  7 rats
101 creatures vanquished.

Vanquished Creatures (others)
  78 foxfires
78 creatures vanquished.

Grand Total: 179 creatures vanquished

Notes
Turn   | Place    | Note
-------+----------+-------------------------------------------
     0 | D:1      | jimonade the Djinni Fire Elementalist began the quest for
                  | the Orb.
     0 | D:1      | jimonade set off with the following spells memorised:
                  | Foxfire, Scorch, Conjure Flame, Inner Flame, Flame Wave.
     0 | D:1      | Reached XP level 1. HP: 15/15 MP: 0/0
   213 | D:1      | Reached XP level 2. HP: 16/21 MP: 0/0
   582 | D:1      | Reached skill level 3 in Spellcasting
   700 | D:1      | Reached XP level 3. HP: 14/25 MP: 0/0
   700 | D:1      | Learned a level 1 spell: Summon Small Mammal
  1395 | D:2      | Noticed a phantom
  1518 | D:2      | Killed a phantom
  1519 | D:2      | Reached skill level 1 in Fighting
  1519 | D:2      | Reached skill level 4 in Spellcasting
  1519 | D:2      | Reached XP level 4. HP: 19/32 MP: 0/0
  1519 | D:2      | Reached XP level 5. HP: 21/37 MP: 0/0
  1519 | D:2      | Learned a level 2 spell: Searing Ray
  3041 | D:3      | Reached XP level 6. HP: 28/42 MP: 0/0
  3737 | D:3      | Reached skill level 5 in Spellcasting
  4037 | D:3      | Noticed Jessica
  4043 | D:3      | Killed Jessica
  4186 | D:3      | Found a faded altar of an unknown god.
  4186 | D:3      | Noticed Sigmund
  4195 | D:3      | Killed Sigmund
  4196 | D:3      | Reached XP level 7. HP: 24/47 MP: 0/0
  4196 | D:3      | Learned a level 3 spell: Mephitic Cloud
  5780 | D:5      | Entered Level 5 of the Dungeon
  5784 | D:5      | Reached skill level 6 in Spellcasting
  5824 | D:5      | Noticed Blork the orc
  5830 | D:5      | Killed Blork the orc
  5831 | D:5      | Reached XP level 8. HP: 38/54 MP: 0/0
  5843 | D:5      | Noticed Ijyb
  5844 | D:5      | Noticed Pikel
  5851 | D:5      | HP: 2/54 [necrophage (3)]
  5856 | D:5      | Slain by a necrophage

Illustrated notes

Levels and vault maps discovered:
D:1:      matt_arrival_refuge, layout_basic, interstate_on_off
D:2:      layout_loops_ring
D:3:      layout_loops_ring, shapermc_ecumenical_altar_notcrosses,
          ebering_dispersal_statue_hall, hex_medium, uniq_sigmund, uniq_jessica
D:4:      layout_basic
D:5:      layout_rooms, zin_scriptorium, nicolae_ossuary_entry_giza, uniq_pikel,
          uniq_blork_the_orc, uniq_eustachio, uniq_ijyb

Skill      XL: |  1  2  3  4  5  6  7  8 |
---------------+-------------------------+-----
Spellcasting   | 3 4 5 6 |  6.6
Fighting       | 1 2 |  2.0
Dodging        | |  2.7
Stealth        | |  1.5
Evocations     | |  0.9

Action                   |  1- 3 |  4- 6 |  7- 9 || total
-------------------------+-------+-------+-------++-------
Melee: Dagger            |       |     3 |     1 ||     4
 Cast: Foxfire           |    39 |    11 |     1 ||    51
       Scorch            |    14 |    52 |     9 ||    75
       Searing Ray       |       |     3 |    17 ||    20
       Mephitic Cloud    |       |       |     2 ||     2
  Use: Scroll            |       |       |     9 ||     9
Armor: Robe              |     8 |     3 |     3 ||    14
Dodge: Dodged            |    19 |    16 |     4 ||    39

Table legend: (Time is in decaauts)
 A = Elapsed time spent in this place.
 B = Non-inter-level travel time spent in this place.
 C = Inter-level travel time spent in this place.
 D = Time resting spent in this place.
 E = Time spent auto-exploring this place.
 F = Levels seen in this place.
 G = Mean time per level.
                   A        B        C        D        E       F      G
               +--------+--------+--------+--------+--------+-----+--------+
         Total |   5855 |   5586 |    269 |   1237 |   3478 |   5 | 1171.0 |
       Dungeon |   5855 |   5586 |    269 |   1237 |   3478 |   5 | 1171.0 |
               +--------+--------+--------+--------+--------+-----+--------+

Top non-repeatable levels by time:
     D:1: 1714 daAuts
     D:2: 1466 daAuts
     D:3: 1385 daAuts
     D:4: 1213 daAuts
     D:5: 75 daAuts
